 Dungeon Crawl Stone Soup version 0.31-a0-1370-gf52a5a9ab3 (webtiles) character file.

Game seed: 16551074317669857294

422 Sobieck the Conjurer (level 6, -2/32 HPs)
             Began as a Deep Elf Conjurer on Dec 23, 2023.
             Was an Initiate of Vehumet.
             Slain by an ufetubus (3 damage)
             ... on level 5 of the Dungeon.
             The game lasted 00:04:56 (4123 turns).

Sobieck the Conjurer (Deep Elf Conjurer)            Turns: 4123, Time: 00:04:56

Health: -2/32      AC:  3    Str:  4    XL:     6   Next: 63%
Magic:  17/17      EV: 12    Int: 25    God:    Vehumet [......]
Gold:   193        SH:  0    Dex: 13    Spells: 14/17 levels left

rFire   . . .        (no weapon)
rCold   . . .        (no shield)
rNeg    . . .        a - +1 robe
rPois   .            (no helmet)
rElec   .            (no cloak)
rCorr   .            (no gloves)
SInv    .            (no boots)
Will    .....        (no amulet)
Stlth   ++           (no ring)
HPRegen 0.25/turn    (no ring)
MPRegen 0.15/turn

%: no passive effects
@: no status effects
A: no striking features
a: Renounce Religion


You were on level 5 of the Dungeon.
You worshipped Vehumet.
Vehumet was noncommittal.
You visited 2 branches of the dungeon, and saw 6 of its levels.

You collected 193 gold pieces.

Inventory:

Missiles
 F - 3 curare-tipped darts
Armour
 a - a +1 robe (worn)
 k - the +1 ring mail of Ethics {rPois rC+}
   (You found it on level 3 of the Dungeon)

   rC+:       It protects you from cold.
   rPois:     It protects you from poison
Jewellery
 m - a ring of magical power
Talismans
 n - the blade talisman "Toefet" {rPois rF+ Dex-3}
   (You found it on level 5 of the Dungeon)

   [blade talisman]

   Dex-3:     It affects your dexterity (-3).
   rF+:       It protects you from fire.
   rPois:     It protects you from poison
Scrolls
 i - a scroll of poison
 j - a scroll of enchant armour
 R - a scroll of identify
 T - 4 scrolls of teleportation
Potions
 b - a potion of magic
 e - a potion of brilliance
 g - a potion of lignification
 H - a potion of haste
 Q - 2 potions of curing


   Skills:
 - Level 2.4 Dodging
 - Level 2.4 Stealth
 + Level 6.0 Spellcasting
 + Level 6.2 Conjurations
 + Level 4.9 Hexes


You had 14 spell levels left.
You knew the following spells:

 Your Spells              Type           Power      Damage    Failure   Level
a - Magic Dart            Conj           100%       1d8       1%          1
b - Searing Ray           Conj           76%        2d7       1%          2

Your spell library contained the following spells:

 Spells                   Type           Power      Damage    Failure   Level
 Foxfire                  Conj/Fire      92%        2x1d8     1%          1
 Sigil of Binding         Hex            32%        N/A       2%          3
 Ensorcelled Hibernation  Hex/Ice        40%        N/A       4%          2
 Passwall                 Alch/Erth      5%         N/A       11%         2
 Fulminant Prism          Conj/Alch      11%        3d9       21%         4
 Iskenderun's Mystic Bla  Conj/Tloc      23%        2d6       21%         4
 Call Canine Familiar     Summ           7%         N/A       22%         3
 Swiftness                Air            7%         N/A       22%         3
 Dimensional Bullseye     Hex/Tloc       10%        N/A       26%         4
 Starburst                Conj/Fire      11%        6d5       97%         6
 Plasma Beam              Fire/Air       3%         2x1d13    100%        6


Dungeon Overview and Level Annotations

Branches:
Dungeon (5/15)             Temple (1/1) D:5

Altars:
Cheibriados
Elyvilon
Fedhas
Gozag
Hepliaklqana
Kikubaaqudgha
Nemelex Xobeh
Okawaru
Qazlal
Ru
Sif Muna
Trog
Vehumet
Wu Jian
Xom


Message History

Unknown command.
Magic restored.
There is an open door here.
Things that are here:
a +1 halberd of protection; 8 stones; a gnoll corpse
R - a scroll of identify Unknown command.
You open the door.
There is an open door here. 2 ufetubi and an ice beast come into view.
The ufetubus shouts! x2
There are monsters nearby!
Unknown command.
There is an open door here.
Found a lumpy red potion.
Things that are here:
a +1 halberd of protection; 8 stones; a gnoll corpse
There is an open door here.
The ufetubus attacks as it pursues you!
The ufetubus hits you but does no damage.
The ufetubus hits you. The ufetubus misses you. The ufetubus barely misses you.
The ufetubus attacks as it pursues you! The ufetubus misses you. x2
The ufetubus hits you. The ufetubus barely misses you.
The ufetubus attacks as it pursues you!
The ufetubus hits you but does no damage.
The ufetubus hits you.
There is an open door here.
The ufetubus closely misses you. The ufetubus hits you.
The ufetubus slips past you! The ufetubus hits you.
The ufetubus hits you but does no damage.
You see here a +0 halberd.
You hit the ufetubus but do no damage. The ufetubus hits you.
The ufetubus closely misses you.
You miss the ufetubus. The ufetubus closely misses you.
The ufetubus hits you. x3
The ufetubus closely misses you. x3; The ufetubus hits you.
You closely miss the ufetubus. The ufetubus closely misses you.
The ufetubus hits you. The ufetubus misses you.
The ufetubus closely misses you.
Unknown command.
The ufetubus hits you.
* * * LOW HITPOINT WARNING * * *
The ufetubus hits you.
* * * LOW HITPOINT WARNING * * *
The ufetubus slips past you! The ufetubus hits you.
* * * LOW HITPOINT WARNING * * *
The ufetubus hits you.
* * * LOW HITPOINT WARNING * * *
The ufetubus barely misses you. The ufetubus hits you.
You die...

#........)#........ #.........
#.........'....>... #....##...
###+####+###5......#####....##...
#..................#...#.....#...
#..................#...'.....#...
#.......>...########..##....##...
#...........#.....##..##....##...
#...........'..)5.)...........<..
#...........#.Y.@5...............
+...........#.....########+###...
#.....###'######### #......#...
#.....#....##.....# #......'...
#.....#............ #......#...
#######............ #......####
#............. #......# #
#......_...... #......#
############## #......#


You could see an ice beast and 2 ufetubi.

Vanquished Creatures
  An ogre (D:4)
  A hound (D:4)
  An orc priest (D:2)
  Natasha (thrice) (D:2)
  An iguana (D:4)
  An orc wizard (D:3)
  6 gnolls
  An adder (D:3)
  A shadow imp (D:4)
  A white imp (D:5)
  2 dart slugs (D:1)
  10 orcs
  2 bats
  3 endoplasms
  A giant cockroach (D:4)
  7 goblins
  4 hobgoblins
  4 quokkas
  6 ball pythons
  A frilled lizard (D:1)
  9 kobolds
  3 rats
69 creatures vanquished.

Notes
Turn   | Place    | Note
-------+----------+-------------------------------------------
     0 | D:1      | Sobieck the Deep Elf Conjurer began the quest for the Orb.
     0 | D:1      | Reached XP level 1. HP: 10/10 MP: 6/6
   116 | D:1      | Reached skill level 1 in Hexes
   120 | D:1      | Reached XP level 2. HP: 15/15 MP: 2/8
   256 | D:1      | Learned a level 2 spell: Searing Ray
   777 | D:2      | Reached XP level 3. HP: 19/19 MP: 8/10
   797 | D:2      | Noticed Natasha
   802 | D:2      | Killed Natasha
   967 | D:2      | Noticed Natasha
   971 | D:2      | Killed Natasha
   972 | D:2      | Reached XP level 4. HP: 24/24 MP: 7/12
  1223 | D:2      | Noticed Natasha
  1231 | D:2      | Killed Natasha
  1232 | D:2      | Reached skill level 3 in Hexes
  1340 | D:3      | Found an opulent altar of Gozag.
  1494 | D:3      | Found a faded altar of an unknown god.
  1603 | D:3      | Identified the +1 ring mail of Ethics {rPois rC+}
  1735 | D:2      | Reached XP level 5. HP: 27/28 MP: 9/14
  2488 | D:4      | Noticed an ogre
  2526 | D:4      | Killed an ogre
  2527 | D:4      | Reached XP level 6. HP: 32/32 MP: 6/16
  2577 | D:4      | Reached skill level 6 in Conjurations
  3464 | D:5      | Entered Level 5 of the Dungeon
  3475 | D:5      | Identified the blade talisman "Toefet" {rPois rF+ Dex-3}
  3575 | D:5      | Found a staircase to the Ecumenical Temple.
  3584 | Temple   | Entered the Ecumenical Temple
  3601 | Temple   | Became a worshipper of Vehumet
  3864 | D:5      | Found a hazy altar of Hepliaklqana.
  3900 | D:5      | Reached skill level 6 in Spellcasting
  4099 | D:5      | Noticed an ice beast
  4123 | D:5      | HP: 1/32 [ufetubus (1)]
  4123 | D:5      | Slain by an ufetubus

Illustrated notes

Levels and vault maps discovered:
D:1:      lemuel_arrival_behind_the_door_small, layout_rooms
D:2:      layout_rooms, uniq_natasha
D:3:      layout_rooms, grunt_gozag_statues, basic_ecumenical_altar,
          skrybe_limestone_x, chequers_big_river, dk_noncrumbling_4
D:4:      layout_cave_pods
D:5:      layout_gridville, overflow_temple_1_default, temple_statues,
          item_on_display_a, uniq_ijyb
Temple:   compressed_dpeg_triangle_lava_temple

Skill      XL: |  1  2  3  4  5  6 |
---------------+-------------------+-----
Hexes          | 1 2 3 4 |  4.9
Spellcasting   | 4 5 6 |  6.0
Conjurations   | 5 6 |  6.2
Dodging        | |  2.4
Stealth        | |  2.4

Action                     |  1- 3 |  4- 6 || total
---------------------------+-------+-------++-------
  Melee: Unarmed           |       |     3 ||     3
   Cast: Magic Dart        |    49 |    78 ||   127
         Searing Ray       |     1 |    16 ||    17
    Use: Scroll            |       |     9 ||     9
 Armour: Robe              |     1 |    29 ||    30
  Dodge: Dodged            |     2 |    30 ||    32

Table legend: (Time is in decaauts)
 A = Elapsed time spent in this place.
 B = Non-inter-level travel time spent in this place.
 C = Inter-level travel time spent in this place.
 D = Time resting spent in this place.
 E = Time spent auto-exploring this place.
 F = Levels seen in this place.
 G = Mean time per level.
                   A        B        C        D        E       F      G
               +--------+--------+--------+--------+--------+-----+--------+
         Total |   4133 |   3949 |    184 |    630 |   2894 |   6 |  688.8 |
       Dungeon |   4098 |   3947 |    151 |    630 |   2894 |   5 |  819.6 |
        Temple |     34 |      1 |     33 |      0 |      0 |   1 |   34.0 |
               +--------+--------+--------+--------+--------+-----+--------+

Top non-repeatable levels by time:
     D:4: 1319 daAuts
     D:2: 841 daAuts
     D:3: 771 daAuts
     D:1: 686 daAuts
     D:5: 479 daAuts
  Temple: 34 daAuts
